 Dungeon Crawl Stone Soup version 0.28-a0-8-g6e044cfa68 (webtiles) character file.

Game seed: 12187780266760400314

144 Brandom the Sneak (level 5, 0/32 HPs)
             Began as a Kobold Brigand on July 23, 2021.
             Was a Believer of Nemelex Xobeh.
             Slain by an orc (2 damage)
             ... on level 3 of the Dungeon.
             The game lasted 00:05:48 (2346 turns).

Brandom the Sneak (Kobold Brigand)                  Turns: 2346, Time: 00:05:48

Health: 0/32       AC:  6    Str:  9    XL:     5   Next: 51%
Magic:  6/6        EV: 16    Int: 12    God:    Nemelex Xobeh [**....]
Gold:   119        SH:  0    Dex: 23    Spells: 4/4 levels left

rFire   + . .      SeeInvis .   a - +2 dagger
rCold   . . .      Faith    .   (shield restricted)
rNeg    . . .      Spirit   .   o - +2 robe {rF+}
rPois   .          Reflect  .   (no helmet)
rElec   .          Harm     .   c - +0 cloak
rCorr   .          Rampage  .   (no gloves)
Will    .....                   m - +0 pair of boots
Stlth   ++++......              (no amulet)
HPRegen 0.10/turn               h - +6 ring of dexterity
MPRegen 0.10/turn               (no ring)

@: no status effects
A: small, no large weapons, nightstalker 3
a: Renounce Religion, Draw Escape, Draw Destruction, Draw Summoning


You were on level 3 of the Dungeon.
You worshipped Nemelex Xobeh.
Nemelex Xobeh was pleased with you.
You visited 1 branch of the dungeon, and saw 3 of its levels.

You collected 119 gold pieces.

Inventory:

Hand Weapons
 a - a +2 dagger (weapon)
Missiles
 d - 7 poisoned darts (quivered)
 e - a curare-tipped dart {!f}
Armour
 b - a +0 robe
 c - a +0 cloak (worn)
 m - a +0 pair of boots (worn)
   (You found it on level 2 of the Dungeon)
 n - a +0 scale mail
   (You took it off Terence on level 2 of the Dungeon)
 o - a +2 robe of fire resistance (worn)
   (You found it on level 3 of the Dungeon)
Jewellery
 h - a +6 ring of dexterity (left hand)
   (You found it on level 1 of the Dungeon)
Wands
 t - a wand of flame (27)
   (You took it off Ijyb on level 3 of the Dungeon)
Scrolls
 f - a scroll of immolation {!r}
 k - 5 scrolls of identify {unknown}
 l - 3 scrolls of amnesia {unknown}
Potions
 g - 3 potions of brilliance {unknown}
 i - a potion of heal wounds {unknown}
 j - a potion of mutation {unknown}


   Skills:
 + Level 3.5 Fighting
 - Level 2.6 Short Blades
 + Level 3.4 Throwing
 + Level 3.1 Dodging
 - Level 5.3 Stealth
 + Level 2.1 Invocations


You had 4 spell levels left.
You didn't know any spells.
Your spell library contained the following spells:

 Spells                   Type           Power      Damage    Failure   Level
 Slow                     Hex            0%         N/A       45%         2
 Confusing Touch          Hex            0%         N/A       69%         3
 Vampiric Draining        Necr           0%         2d6       69%         3


Dungeon Overview and Level Annotations

Branches:
Dungeon (3/15)

Altars:
Nemelex Xobeh
Okawaru


Innate Abilities, Weirdness & Mutations

You are small and have problems with some larger weapons.
You are completely attuned to the shadows.


Message History

The orc shouts! x3
You hit the orc but do no damage. The orc hits you with a +0 club.
You hit the orc but do no damage. The orc closely misses you.
You completely miss the orc. The orc barely misses you. x2
The orc closely misses you.
You hit the orc. You hit the orc.
You kill the orc!
You hit the orc. The orc misses you. The orc hits you with a +0 club.
You hit the orc. The orc closely misses you.
The orc hits you with a +0 trident! The orc misses you.
The orc completely misses you.
Things that are here:
a +0 flail; an orc corpse You hit the orc.
The orc barely misses you. The orc completely misses you. The orc misses you.
The orc closely misses you. The orc misses you.
The orc hits you but does no damage.
Unknown command.
The orc barely misses you. The orc misses you.
The orc hits you but does no damage. The orc hits you with a +0 trident!
* * * LOW HITPOINT WARNING * * *
The orc barely misses you. The orc misses you.
The orc hits you with a +0 trident.
* * * LOW HITPOINT WARNING * * *
The orc barely misses you. x2
The orc misses you. The orc hits you with a +0 club.
* * * LOW HITPOINT WARNING * * *
The orc misses you. The orc barely misses you. The orc completely misses you.
The orc closely misses you.
Unknown command.
The orc closely misses you. The orc barely misses you.
The orc closely misses you.
Unknown command.
The orc closely misses you. The orc barely misses you. The orc misses you.
Unknown command.
The orc hits you but does no damage. x2; The orc hits you with a +0 club.
* * * LOW HITPOINT WARNING * * *
The orc barely misses you. The orc misses you. x2
Unknown command.
The orc hits you with a +0 trident.
* * * LOW HITPOINT WARNING * * *
The orc misses you. The orc hits you but does no damage. The orc misses you.
The orc hits you with a +0 club.
* * * LOW HITPOINT WARNING * * *
The orc hits you with a +0 club.
You die...
Your body glows slightly and disappears.

...# #....# ...#
#....# .### #.....
.## ##....# ).#
#.....# #.## ..
##.....# #).#
#.##..##### ##)##
#.#oo## ##..######
##.#@## #...##...##
#...o#
..........###..###
.........>.#....##
.............##..##
......).....#
##..## ....).......
##..# ###
.....#....#
##.##...
####.....###
####.#..#


You could see 3 orcs.

Vanquished Creatures
  Ijyb (D:3)
  Terence (D:2)
  4 gnolls (D:3)
  An adder (D:2)
  A worm (D:2)
  An orc (D:3)
  3 endoplasms
  2 giant cockroaches
  7 goblins
  A hobgoblin (D:1)
  9 kobolds
  3 quokkas
  2 ball pythons (D:1)
  4 bats
  4 rats (D:1)
44 creatures vanquished.

Notes
Turn   | Place    | Note
-------+----------+-------------------------------------------
     0 | D:1      | Brandom the Kobold Brigand began the quest for the Orb.
     0 | D:1      | Reached XP level 1. HP: 12/12 MP: 1/1
    93 | D:1      | Reached XP level 2. HP: 16/18 MP: 2/2
   139 | D:1      | Found a faded altar of an unknown god.
   146 | D:1      | Became a worshipper of Nemelex Xobeh the Trickster
   146 | D:1      | Reached * piety under Nemelex Xobeh
   260 | D:1      | Received a gift from Nemelex Xobeh
   812 | D:1      | Reached XP level 3. HP: 17/22 MP: 3/3
  1216 | D:2      | Reached skill level 1 in Invocations
  1358 | D:2      | Reached ** piety under Nemelex Xobeh
  1473 | D:2      | Noticed Terence
  1497 | D:2      | Killed Terence
  1498 | D:2      | Reached XP level 4. HP: 23/28 MP: 3/5
  1883 | D:3      | Found an iron altar of Okawaru.
  1900 | D:3      | Noticed Ijyb
  1908 | D:3      | Killed Ijyb
  1909 | D:3      | Reached XP level 5. HP: 21/32 MP: 6/6
  2346 | D:3      | Slain by an orc

Illustrated notes

Levels and vault maps discovered:
D:1:      lemuel_arrival_broad_hall, layout_basic, serial_corexii_hall,
          corexii_hall_statues_s, corexii_hall_statues_l,
          hellmonk_ecumenical_altar_blasted
D:2:      layout_basic, uniq_terence
D:3:      layout_rooms, okawaru_metal_pillars_3, hex_large, uniq_ijyb

Skill      XL: |  1  2  3  4  5 |
---------------+----------------+-----
Dodging        | 2 3 |  3.1
Invocations    | 1 2 |  2.1
Fighting       | 3 |  3.5
Throwing       | 3 |  3.4
Short Blades   | |  2.6
Stealth        | |  5.3

Action                   |  1- 3 |  4- 6 || total
-------------------------+-------+-------++-------
Melee: Dagger            |    88 |    37 ||   125
Throw: Dart              |     1 |     7 ||     8
 Stab: Sleeping          |    15 |     2 ||    17
Armor: Robe              |     9 |     5 ||    14
       Scale mail        |       |     6 ||     6
Dodge: Dodged            |    38 |    49 ||    87

Table legend: (Time is in decaauts)
 A = Elapsed time spent in this place.
 B = Non-inter-level travel time spent in this place.
 C = Inter-level travel time spent in this place.
 D = Time resting spent in this place.
 E = Time spent auto-exploring this place.
 F = Levels seen in this place.
 G = Mean time per level.
                   A        B        C        D        E       F      G
               +--------+--------+--------+--------+--------+-----+--------+
         Total |   2327 |   2299 |     28 |      0 |   1956 |   3 |  775.7 |
       Dungeon |   2327 |   2299 |     28 |      0 |   1956 |   3 |  775.7 |
               +--------+--------+--------+--------+--------+-----+--------+

Top non-repeatable levels by time:
     D:1: 1065 daAuts
     D:2: 795 daAuts
     D:3: 467 daAuts
